 Dungeon Crawl Stone Soup version 0.27-a0-1502-g47ed6a6988 (webtiles) character file.

Game seed: 9040750422001722417

646 bigjeff5 the Ruffian (level 7, -3/52 (62) HPs)
             Began as a Troll Warper on July 8, 2021.
             Slain by a wight (11 damage)
             ... on level 4 of the Dungeon.
             The game lasted 00:43:39 (3193 turns).

bigjeff5 the Ruffian (Troll Warper)                 Turns: 3193, Time: 00:43:39

HP:   -3/52 (62)    AC:  4    Str: 20    XL:     7   Next: 27%
MP:   7/7           EV: 10    Int: 11    God:
Gold: 180           SH:  0    Dex: 15    Spells: 6/8 levels left

rFire    . . .     SeeInvis .   q - +2 hand axe (venom)
rCold    . . .     Faith    .   (no shield)
rNeg     . . .     Spirit   .   a - +0 robe
rPois    .         Reflect  .   (helmet restricted)
rElec    .         Harm     .   (no cloak)
rCorr    +         Rampage  .   (gloves unavailable)
Will     .....                  (boots unavailable)
Stlth    +.........             (no amulet)
HPRegen  1.17/turn              s - +6 ring of dexterity
MPRegen  0.10/turn              r - ring of resist corrosion

@: heavily drained
A: large, unfitting armour, claws 3, regeneration 1, shaggy fur 1, tough skin 1
a: no special abilities


You were on level 4 of the Dungeon.
You visited 1 branch of the dungeon, and saw 4 of its levels.

You collected 180 gold pieces.

Inventory:

Hand Weapons
 q - a +2 hand axe of venom (weapon)
Missiles
 c - 2 boomerangs of dispersal (quivered)
 d - 127 stones
 n - 6 datura-tipped darts
Armour
 a - a +0 robe (worn)
Jewellery
 j - a ring of wizardry
 k - a ring of fire
 r - a ring of resist corrosion (right claw)
 s - a +6 ring of dexterity (left claw)
Wands
 m - a wand of digging (2)
Scrolls
 b - 2 scrolls of blinking
 e - 2 scrolls of amnesia {unknown}
 h - a scroll of fear {unknown}
 i - 3 scrolls of teleportation {unknown}
 l - a scroll of enchant weapon {unknown}
 p - 2 scrolls of identify {unknown}
Potions
 f - a potion of cancellation {unknown}
 g - a potion of heal wounds
 o - a potion of invisibility {unknown}


   Skills:
 - Level 1.5 Fighting
 * Level 3.9 Axes
 - Level 0.9 Throwing
 - Level 2.5 Dodging
 - Level 0.2 Stealth
 - Level 6.0 Unarmed Combat
 - Level 1.2 Spellcasting
 - Level 2.1 Translocations


You had 6 spell levels left.
You knew the following spells:

 Your Spells              Type           Power      Damage    Failure   Level
a - Blink                 Tloc           N/A        N/A       19%         2

Your spell library contained the following spells:

 Spells                   Type           Power      Damage    Failure   Level
 Gell's Gravitas          Tloc           2%         N/A       36%         3
 Lesser Beckoning         Tloc           2%         N/A       36%         3
 Teleport Other           Tloc           5%         N/A       36%         3
 Manifold Assault         Tloc           5%         N/A       98%         5


Dungeon Overview and Level Annotations

Branches:
Dungeon (4/15)
 Temple: D:4-7

Altars:
Vehumet

Shops:
D:4 =

Annotations:
D:3 2 transporters, exclusion: statue


Innate Abilities, Weirdness & Mutations

You are too large for most types of armour.
You have claws for hands.
Your natural rate of healing is unusually fast.
You are covered in fur. (AC +1)
You have tough skin. (AC +1)


Message History

There is an open door here.
A wight comes into view. It is wielding a +3 long sword.
Your +2 hand axe of venom begins to drip with poison!
q - a +2 hand axe of venom (weapon)
The wight hits you with a +3 long sword!
You feel drained.
You closely miss the wight.
The wight hits you with a +3 long sword.
You closely miss the wight.
The wight hits you with a +3 long sword! x2
You hit the wight but do no damage.
The wight hits you with a +3 long sword!
You feel drained.
You hit the wight.
The wight is lightly damaged.
The wight hits you with a +3 long sword!
* * * LOW HITPOINT WARNING * * *
You feel drained.
* * * LOW HITPOINT WARNING * * *
Throw: 5 boomerangs (disperse)
Press: ? - help, Q - select action, (/) - cycle Shift-Dir - straight line, f - wight
Aim: a wight, wielding a +3 long sword and wearing a +0 robe (lightly damaged, 57% to hit)
You throw a boomerang of dispersal.
The boomerang of dispersal barely misses the wight.
The wight hits you with a +3 long sword.
* * * LOW HITPOINT WARNING * * *
Throw: 4 boomerangs (disperse)
Press: ? - help, Q - select action, (/) - cycle Shift-Dir - straight line, f/p - wight
Aim: a wight, wielding a +3 long sword and wearing a +0 robe (lightly damaged, 57% to hit)
You throw a boomerang of dispersal.
The boomerang of dispersal closely misses the wight.
The wight closely misses you.
Throw: 3 boomerangs (disperse)
Press: ? - help, Q - select action, (/) - cycle Shift-Dir - straight line, f/p - wight
Aim: a wight, wielding a +3 long sword and wearing a +0 robe (lightly damaged, 57% to hit)
You throw a boomerang of dispersal.
The boomerang of dispersal hits the wight but does no damage.
The wight is lightly damaged.
The wight hits you with a +3 long sword!
You die...

...........# ...........#
########## ..
...........#########.....P..##..
'########............8....P...#
... #.........P8...8......#
..... #.........8...........#
..... #.....................#
########.....................#
##..............@z............#
.#............................#
.#............................#
.#............########........#
.#.......)....#......##########
.#.......######.......... ###
.#.......#...#........... ##..
.#.......#...#......>.... ##...
.#.>.....#...#........... ##....


You could see a wight.

Vanquished Creatures
  An ogre (D:3)
  3 wights (D:3)
  A howler monkey (D:4)
  2 bullfrog zombies (D:4)
  A hound (D:2)
  An orc priest (D:3)
  An iguana (D:4)
  Natasha (thrice) (D:2)
  Terence (D:2)
  An orc wizard (D:3)
  A hound zombie (D:4)
  2 adders (D:2)
  3 adder skeletons (D:4)
  An adder zombie (D:4)
  A worm (D:2)
  2 dart slugs (D:2)
  3 orcs (D:3)
  11 ball pythons
  9 bats
  5 endoplasms
  3 giant cockroaches
  9 hobgoblins
  2 jackals (D:2)
  8 kobolds
  4 quokkas
  6 frilled lizards
  4 goblins
  A jackal zombie (D:4)
  6 rats
96 creatures vanquished.

Notes
Turn   | Place    | Note
-------+----------+-------------------------------------------
     0 | D:1      | bigjeff5 the Troll Warper began the quest for the Orb.
     0 | D:1      | Reached XP level 1. HP: 19/19 MP: 1/1
    94 | D:1      | Reached XP level 2. HP: 17/27 MP: 2/2
   172 | D:1      | Reached skill level 3 in Unarmed Combat
   409 | D:1      | Found a faded altar of an unknown god.
   521 | D:1      | Reached XP level 3. HP: 33/33 MP: 3/3
   548 | D:1      | Learned a level 2 spell: Blink
   971 | D:2      | Noticed Natasha
   980 | D:2      | Killed Natasha
   981 | D:2      | Reached skill level 4 in Unarmed Combat
   981 | D:2      | Reached XP level 4. HP: 30/41 MP: 4/4
  1113 | D:2      | Reached skill level 5 in Unarmed Combat
  1272 | D:2      | Noticed Natasha
  1288 | D:2      | Killed Natasha
  1289 | D:2      | Reached XP level 5. HP: 48/48 MP: 5/5
  1412 | D:2      | Noticed Terence
  1420 | D:2      | Killed Terence
  1571 | D:2      | Noticed Natasha
  1581 | D:2      | Killed Natasha
  1999 | D:3      | Found a transporter.
  2002 | D:3      | Reached skill level 6 in Unarmed Combat
  2017 | D:3      | Noticed a kobold demonologist
  2034 | D:3      | Found a transporter.
  2237 | D:3      | Reached XP level 6. HP: 50/55 MP: 6/6
  2396 | D:3      | Found a radiant altar of Vehumet.
  2600 | D:4      | Reached skill level 1 in Axes
  2812 | D:4      | Found Bimo's Jewellery Boutique.
  2988 | D:3      | Reached XP level 7. HP: 31/62 MP: 7/7
  3193 | D:4      | Slain by a wight

Illustrated notes

Levels and vault maps discovered:
D:1:      erik_arrival_cave_to_civilisation [erik_arrival_cave_to_hall],
          layout_basic, basic_ecumenical_altar
D:2:      minmay_chambers_of_ones, layout_basic, kennysheep_generic_room_11,
          uniq_natasha, uniq_terence
D:3:      gammafunk_wand_slinger, layout_basic, vehumet_statue,
          nrook_mini_backslash, grunt_ministairs_7
D:4:      kennysheep_big_flooded_room, layout_gridville,
          mainiacjoe_overflow_concentric_impassable, serial_shops,
          nicolae_square_shop, shop, serial_undead, serial_undead_e,
          serial_undead_c, serial_undead_c, serial_undead_b, serial_undead_f,
          serial_undead_c, serial_undead_d, serial_undead_c, serial_undead_a,
          serial_undead_f, minmay_misc_feat_rows, serial_bayou_lagoon_b

Skill      XL: |  1  2  3  4  5  6 |
---------------+-------------------+-----
Unarmed Combat | 3 4 5 6 |  6.0
Dodging        | 2 |  2.5
Axes           | 3 |  3.9
Fighting       | |  1.5
Throwing       | |  0.9
Stealth        | |  0.2
Spellcasting   | |  1.2
Translocations | |  2.1

Action                   |  1- 3 |  4- 6 |  7- 9 || total
-------------------------+-------+-------+-------++-------
Melee: Unarmed           |    93 |   120 |    13 ||   226
       Punch             |     2 |     6 |       ||     8
       Hand axe          |       |    99 |    22 ||   121
Throw: Stone             |       |     6 |       ||     6
       Boomerang         |       |       |     3 ||     3
 Stab: Sleeping          |       |     1 |       ||     1
Armor: Robe              |    47 |    54 |     5 ||   106
Dodge: Dodged            |    41 |   100 |    19 ||   160

Table legend: (Time is in decaauts)
 A = Elapsed time spent in this place.
 B = Non-inter-level travel time spent in this place.
 C = Inter-level travel time spent in this place.
 D = Time resting spent in this place.
 E = Time spent auto-exploring this place.
 F = Levels seen in this place.
 G = Mean time per level.
                   A        B        C        D        E       F      G
               +--------+--------+--------+--------+--------+-----+--------+
         Total |   3208 |   3187 |     21 |     86 |   1831 |   4 |  802.0 |
       Dungeon |   3208 |   3187 |     21 |     86 |   1831 |   4 |  802.0 |
               +--------+--------+--------+--------+--------+-----+--------+

Top non-repeatable levels by time:
     D:3: 929 daAuts
     D:1: 906 daAuts
     D:2: 837 daAuts
     D:4: 536 daAuts
